 Dungeon Crawl Stone Soup version 0.28.0 (webtiles) character file.

Game seed: 10954026588520084509

5506 horus123 the Envoy of Void (level 10, -3/73 HPs)
             Began as a Demonspawn Abyssal Knight on Feb 13, 2022.
             Was a High Priest of Lugonu.
             Slain by a two-headed ogre (18 damage)
             ... on level 8 of the Dungeon.
             The game lasted 00:17:15 (8456 turns).

horus123 the Envoy of Void (DsAK)                   Turns: 8456, Time: 00:17:16

Health: -3/73      AC:  6    Str: 16    XL:     10   Next: 42%
Magic:  0/19       EV: 11    Int: 17    God:    Lugonu [*****.]
Gold:   124        SH:  4    Dex: 13    Spells: 9/19 levels left

rFire   . . .      SeeInvis .   x - +12 battleaxe of Gluttony {drain, rElec Int+3}
rCold   + . .      Faith    .   (shield currently unavailable)
rNeg    . . .      Spirit   +   n - +1 leather armour "Cadaixtymea" {rElec rC+ Regen+}
rPois   .          Reflect  .   (no helmet)
rElec   +          Harm     .   y - +0 cloak
rCorr   +          Rampage  .   (gloves unavailable)
Will    .....                   o - +0 pair of boots
Stlth   +.........              c - amulet of guardian spirit
HPRegen 1.02/turn               d - +4 ring of slaying
MPRegen 0.32/turn               g - ring of resist corrosion

@: no status effects
A: claws 3, large bone plates 1, powered by death 1, magic regeneration
a: Renounce Religion, Depart the Abyss, Bend Space, Banish, Corrupt, Enter the
Abyss


You were on level 8 of the Dungeon.
You worshipped Lugonu.
Lugonu was extremely pleased with you.
You visited 1 branch of the dungeon, and saw 8 of its levels.
You visited the Abyss 1 time.

You collected 469 gold pieces.
You spent 345 gold pieces at shops.

Inventory:

Hand Weapons
 l - a +1 flail of protection
 x - the +12 battleaxe of Gluttony (weapon) {drain, rElec Int+3}
   (You bought it in a shop on level 6 of the Dungeon)

   A truly terrible weapon, it drains the life of any living foe it strikes.
   Int:       It affects your intelligence (+3).
   rElec:     It insulates you from electricity.
Missiles
 h - a throwing net
Armour
 n - the +1 leather armour "Cadaixtymea" (worn) {rElec rC+ Regen+}
   (You found it on level 4 of the Dungeon)

   rC:        It protects you from cold.
   rElec:     It insulates you from electricity.
   Regen:     It increases your rate of health regeneration.
 o - a +0 pair of boots (worn)
 y - a +0 cloak (worn)
Jewellery
 c - an amulet of guardian spirit (around neck)
 d - a +4 ring of slaying (left claw)
 g - a ring of resist corrosion (right claw)
Wands
 p - a wand of flame (13)
 A - a wand of iceblast (7)
 B - a wand of paralysis (10)
Scrolls
 e - a scroll of blinking
 f - 8 scrolls of teleportation
 j - a scroll of torment
 q - 2 scrolls of magic mapping
 v - a scroll of amnesia
 C - a scroll of summoning
Potions
 a - a potion of attraction
 b - a potion of degeneration
 i - a potion of berserk rage {unknown}
 k - 3 potions of brilliance
 r - 3 potions of curing
 s - a potion of invisibility {unknown}
 t - a potion of haste {unknown}
 u - a potion of lignification {unknown}
 z - a potion of cancellation {unknown}
 D - a potion of magic {unknown}


   Skills:
 - Level 4.3 Fighting
 - Level 4.8(5.3) Axes
 - Level 3.2(4.5) Maces & Flails
 - Level 3.1 Armour
 - Level 0.8 Dodging
 - Level 5.3 Spellcasting
 - Level 7.2 Conjurations
 + Level 12.8 Invocations


You had 9 spell levels left.
You knew the following spells:

 Your Spells              Type           Power      Damage    Failure   Level
a - Magic Dart            Conj           100%       1d8       1%          1
b - Stone Arrow           Conj/Erth      32%        3d9       11%         3
c - Searing Ray           Conj           58%        2d6       1%          2
d - Fulminant Prism       Conj/Hex       8%         3d7       36%         4

Your spell library contained the following spells:

 Spells                   Type           Power      Damage    Failure   Level
 Shock                    Conj/Air       64%        1d7       3%          1
 Animate Skeleton         Necr           8%         N/A       16%         1
 Pain                     Necr           16%        1d4       16%         1
 Sandblast                Erth           8%         2d5       16%         1
 Blink                    Tloc           8%         N/A       24%         2
 Passwall                 Tmut/Erth      3%         N/A       24%         2
 Inner Flame              Hex/Fire       4%         N/A       43%         3
 Lesser Beckoning         Tloc           4%         N/A       43%         3
 Swiftness                Air            4%         N/A       43%         3
 Vampiric Draining        Necr           4%         2d6       43%         3
 Airstrike                Air            2%         N/A       85%         4
 Animate Armour           Summ/Erth      8%         N/A       85%         4
 Cause Fear               Hex            2%         N/A       85%         4
 Manifold Assault         Tloc           4%         N/A       99%         5
 Conjure Ball Lightning   Conj/Air       8%         3x3d6     99%         6
 Discord                  Hex            2%         N/A       100%        8
 Disjunction              Tloc           2%         N/A       100%        8
 Lehudib's Crystal Spear  Conj/Erth      8%         10d3      100%        8


Dungeon Overview and Level Annotations

Branches:
Dungeon (8/15)             Temple (0/1) D:4
   Lair: D:8-11

Altars:
Cheibriados
Ru

Shops:
D:6 (

Annotations:
D:6 2 runed translucent doors, fragbeetle's ghost, novice KoAM


Innate Abilities, Weirdness & Mutations

You have claws for hands.
You are partially covered in large bone plates. (SH +4)
You regenerate a little health from kills.
You regenerate magic rapidly.


Message History

The killer bee barely misses you. The killer bee closely misses you.
The killer bee stings you but does no damage.
You slash the killer bee!
You kill the killer bee!
Lugonu accepts your kill.
You feel very sick.
Okay, then.
You feel very sick.
You feel sick.
You feel sick.
You feel sick.
You feel sick.
You feel sick.
You feel sick.
You feel sick.
You feel sick.
You are no longer poisoned.
Magic restored.
A two-headed ogre comes into view. It is wielding two +0 giant clubs.
The two-headed ogre shouts in stereo!
Things that are here:
a +0 giant club; a +0 giant spiked club; a killer bee corpse You slash the two-headed ogre!
The two-headed ogre is lightly wounded.
The two-headed ogre hits you with a +0 giant club.
The two-headed ogre hits you with a +0 giant club!!
You are too injured to fight recklessly!
You barely miss the two-headed ogre.
The two-headed ogre is lightly wounded.
The two-headed ogre hits you with a +0 giant club!
* * * LOW HITPOINT WARNING * * *
The two-headed ogre misses you.
You barely miss the two-headed ogre.
The two-headed ogre is lightly wounded.
The two-headed ogre hits you with a +0 giant club.
The two-headed ogre barely misses you.
You barely miss the two-headed ogre.
The two-headed ogre is lightly wounded.
The two-headed ogre hits you with a +0 giant club!!
You die...

...P......####
.............##
............#........#
......................##
........................
..>...................##
...............<.......
#..............O.#.#...
###.............@..# #..#
.............##....##..##
#......).###.†).........#.
........## #..##.........#
.......)####†.##.#..).....
.......).##....#)#..#....#
........<......[...♣P...#
...........#.[.♣≈.†.≈≈P.#
...........#..≈[≈≈≈≈.≈..#


You could see a two-headed ogre.

Vanquished Creatures
  A two-headed ogre (D:8)
  Maggie (D:6)
  A hornet (D:8)
  Eustachio (D:4)
  A water moccasin (D:6)
  An orc warrior (D:7)
  An ice beast (D:5)
  2 sky beasts
  2 black bears
  4 ogres
  2 necrophages (D:6)
  A hornet zombie (D:5)
  2 centaurs
  2 phantoms
  A kobold brigand (D:7)
  3 bullfrogs (D:7)
  3 wyvern zombies
  2 scorpions
  6 killer bees (D:8)
  9 wights
  2 howler monkeys
  3 centaur zombies
  3 jellies
  A gnoll shaman (D:6)
  3 hounds
  Crazy Yiuf (D:6)
  4 iguanas
  Jessica (D:2)
  5 orc wizards
  A scorpion zombie (D:5)
  A hound zombie (D:4)
  3 hound skeletons (D:4)
  9 adders
  19 gnolls
  A shadow imp (D:8)
  2 ufetubi
  4 adder zombies (D:4)
  An adder skeleton (D:4)
  3 worms (D:2)
  13 orcs
  12 endoplasms
  2 giant cockroaches
  18 goblins
  6 hobgoblins
  4 jackals
  10 kobolds
  4 quokkas
  8 ball pythons
  4 bats
  3 frilled lizards (D:1)
  6 rats
  A bush (D:5)
204 creatures vanquished.

Vanquished Creatures (others)
  6 plants (D:8)
6 creatures vanquished.

Grand Total: 210 creatures vanquished

Notes
Turn   | Place    | Note
-------+----------+-------------------------------------------
     0 | Abyss:1  | horus123 the Demonspawn Abyssal Knight began the quest for
                  | the Orb.
     0 | Abyss:1  | Reached XP level 1. HP: 18/18 MP: 2/2
     8 | D:1      | Escaped the Abyss
   199 | D:1      | Gained mutation: You have sharp fingernails. [demonic
                  | ancestry]
   199 | D:1      | Reached XP level 2. HP: 24/24 MP: 3/3
   389 | D:1      | Reached ** piety under Lugonu
  1090 | D:1      | Gained mutation: You regenerate magic rapidly. [demonic
                  | ancestry]
  1090 | D:1      | Reached XP level 3. HP: 29/29 MP: 4/4
  2102 | D:2      | Gained mutation: You regenerate a little health from kills.
                  | [demonic ancestry]
  2102 | D:2      | Reached XP level 4. HP: 37/37 MP: 5/5
  2451 | D:2      | Found a faded altar of an unknown god.
  2743 | D:2      | Noticed Jessica
  2760 | D:2      | Killed Jessica
  3116 | D:2      | Gained mutation: You have very sharp fingernails. [demonic
                  | ancestry]
  3116 | D:2      | Reached XP level 5. HP: 43/43 MP: 6/6
  3377 | D:3      | Found a sacrificial altar of Ru.
  3717 | D:3      | Found a snail-covered altar of Cheibriados.
  3954 | D:4      | Found a staircase to the Ecumenical Temple.
  3967 | D:4      | Identified the +1 leather armour "Cadaixtymea" {rElec rC+
                  | Regen+}
  3995 | D:4      | Reached *** piety under Lugonu
  3996 | D:4      | Reached skill level 3 in Invocations
  4029 | D:4      | Reached skill level 4 in Invocations
  4039 | D:4      | Reached XP level 6. HP: 48/49 MP: 9/9
  4081 | D:4      | Learned a level 1 spell: Magic Dart
  4131 | D:4      | Reached skill level 5 in Invocations
  4182 | D:4      | Noticed Eustachio
  4192 | D:4      | Killed Eustachio
  4193 | D:4      | Reached skill level 6 in Invocations
  4398 | D:4      | Reached skill level 7 in Invocations
  4398 | D:4      | Gained mutation: You are partially covered in large bone
                  | plates. (SH +4) [demonic ancestry]
  4398 | D:4      | Reached XP level 7. HP: 11/55 MP: 1/12
  4515 | D:4      | Reached skill level 8 in Invocations
  4584 | D:4      | Reached skill level 9 in Invocations
  4822 | D:4      | Reached skill level 10 in Invocations
  4831 | D:4      | Reached XP level 8. HP: 55/61 MP: 10/15
  4943 | D:5      | Entered Level 5 of the Dungeon
  5095 | D:5      | Reached skill level 1 in Spellcasting
  5294 | D:5      | Reached **** piety under Lugonu
  5664 | D:5      | Reached skill level 5 in Spellcasting
  5746 | D:5      | Learned a level 3 spell: Stone Arrow
  5828 | D:5      | Reached skill level 1 in Conjurations
  6126 | D:6      | Reached XP level 9. HP: 47/60 MP: 12/17
  6261 | D:6      | Noticed Maggie
  6282 | D:6      | Killed Maggie
  6283 | D:6      | Reached skill level 5 in Conjurations
  6695 | D:6      | Reached ***** piety under Lugonu
  6713 | D:6      | Found Foeruamy's Antique Weapon Shop.
  6716 | D:6      | Bought an iridescent battleaxe for 345 gold pieces
  6716 | D:6      | Identified the +12 battleaxe of Gluttony {drain, rElec
                  | Int+3} (You bought it in a shop on level 6 of the Dungeon)
  6822 | D:6      | Found a large runed translucent door.
  6822 | D:6      | Found a large runed translucent door.
  6914 | D:6      | Found a runed translucent door.
  6915 | D:6      | Noticed Crazy Yiuf
  7079 | D:6      | Noticed fragbeetle's ghost (novice KoAM)
  7161 | D:6      | Killed Crazy Yiuf
  7162 | D:6      | Reached skill level 1 in Axes
  8186 | D:7      | Learned a level 2 spell: Searing Ray
  8191 | D:7      | Learned a level 4 spell: Fulminant Prism
  8250 | D:8      | Gained mutation: You have claws for hands. [demonic
                  | ancestry]
  8250 | D:8      | Reached XP level 10. HP: 66/68 MP: 15/18
  8296 | D:8      | Noticed a green ugly thing
  8304 | D:8      | Banished a green ugly thing
  8305 | D:8      | Reached skill level 11 in Invocations
  8344 | D:8      | Noticed a two-headed ogre
  8373 | D:8      | Killed a two-headed ogre
  8374 | D:8      | Reached skill level 12 in Invocations
  8449 | D:8      | Noticed a two-headed ogre
  8456 | D:8      | Slain by a two-headed ogre

Illustrated notes

Levels and vault maps discovered:
D:1:      shiori_arrival_elements, layout_loops_ring,
          hangedman_abyss_or_decor_lesser_grid
D:2:      layout_loops_corners, hellmonk_ecumenical_altar_run_dry,
          serial_rivers, chequers_serial_rivers_micro_a,
          chequers_serial_rivers_room_a, chequers_serial_rivers_micro_b,
          chequers_serial_rivers_micro_e, kennysheep_jessica_study
D:3:      layout_rooms, mainiacjoe_overflow_brackets, lemuel_round_altar,
          grunt_ministairs_6
D:4:      kennysheep_spiral_hall, layout_basic,
          minmay_temple_entry_drinking_statues, serial_undead, serial_undead_d,
          serial_undead_e, serial_undead_a, serial_undead_c, uniq_eustachio
D:5:      layout_basic, kb_lookout_dungeons_type, minmay_ogre_servants
D:6:      layout_basic, serial_shops, nicolae_shop_behind_doors,
          ebering_ghost_disaster_area, minivault_11, minmay_misc_feat_iff,
          uniq_crazy_yiuf_cottage, uniq_maggie
D:7:      layout_loops_ring, serial_co_window_serial, co_window_paths_b,
          co_window_corner_a, co_window_paths_b, co_window_corner_a,
          co_window_paths_b, co_window_corner_b, co_window_corner_cb,
          co_window_corner_b, co_window_broadway_c, co_window_unsneaky_path_c,
          glass_columns_a, glass_columns_a, glass_columns_a, glass_columns_a
D:8:      layout_cave_pools, nicolae_wu_jian_glorious_leap, dpeg_lair_monsters,
          serial_shops, nicolae_shop_advertising_works
          [nicolae_subvault_shop_adworks], serial_bayou, serial_bayou_pond_b,
          serial_bayou_shore_b, serial_bayou_pond_b, serial_bayou_pond_e,
          serial_bayou_pond_b, st_stairs_9

Skill      XL: |  1  2  3  4  5  6  7  8  9 10 |
---------------+-------------------------------+-----
Maces & Flails | 2 3 |  3.2
Fighting       | 4 |  4.3
Armour         | 2 3 |  3.1
Invocations    | 4 7 10 12 | 12.8
Spellcasting   | 5 |  5.3
Conjurations   | 3 7 |  7.2
Axes           | 4 |  4.8
Dodging        | |  0.8

Action                   |  1- 3 |  4- 6 |  7- 9 | 10-12 || total
-------------------------+-------+-------+-------+-------++-------
Melee: Mace              |    95 |     7 |       |       ||   102
       Flail             |       |   136 |   352 |       ||   488
       Punch             |       |     3 |     5 |       ||     8
       Battleaxe         |       |       |    58 |    42 ||   100
Invok: Banish            |       |       |       |     2 ||     2
Evoke: Wand              |       |       |     6 |       ||     6
  Use: Scroll            |     3 |     3 |    10 |       ||    16
       Potion            |     1 |     2 |     1 |     3 ||     7
 Stab: Sleeping          |     1 |       |       |       ||     1
Armor: Leather armour    |    21 |    34 |   145 |    19 ||   219
       Ring mail         |       |    28 |       |       ||    28
Dodge: Dodged            |    57 |    90 |   196 |    55 ||   398
Block: Other             |       |       |    68 |    17 ||    85
